 Dungeon Crawl Stone Soup version 0.28-a0-175-gb2089b6bb7 (webtiles) character file.

Game seed: 8759468164151602877

255 eskilway the Ruffian (level 5, -15/50 HPs)
             Began as a Troll Monk on Aug 17, 2021.
             Demolished by an orc warrior (21 damage)
             ... on level 4 of the Dungeon.
             The game lasted 00:03:53 (2687 turns).

eskilway the Ruffian (Troll Monk)                   Turns: 2687, Time: 00:03:54

Health: -15/50     AC:  4    Str: 19    XL:     5   Next: 91%
Magic:  4/4        EV: 10    Int:  6    God:
Gold:   161        SH:  0    Dex: 13    Spells: 4/4 levels left

rFire   . . .      SeeInvis .     - Unarmed
rCold   . . .      Faith    .   (no shield)
rNeg    . . .      Spirit   .   a - +0 robe
rPois   .          Reflect  .   (helmet restricted)
rElec   .          Harm     .   c - scarf {shadows}
rCorr   .          Rampage  .   (gloves unavailable)
Will    .....                   (boots unavailable)
Stlth   ++........              b - amulet of the acrobat
HPRegen 1.16/turn               (no ring)
MPRegen 0.09/turn               (no ring)

@: no status effects
A: large, unfitting armour, claws 3, regeneration 1, shaggy fur 1, tough skin 1
a: no special abilities


You were on level 4 of the Dungeon.
You visited 1 branch of the dungeon, and saw 4 of its levels.

You collected 161 gold pieces.

Inventory:

Armour
 a - a +0 robe (worn)
 c - a scarf of shadows (worn)
Jewellery
 b - an amulet of the acrobat (around neck)
 h - an amulet of the acrobat
Wands
 m - a wand of polymorph (6)
Scrolls
 d - a scroll of teleportation {unknown}
 e - a scroll of blinking {unknown}
 k - a scroll of brand weapon {unknown}
 l - 5 scrolls of identify {unknown}
Potions
 f - 2 potions of curing {unknown}
 g - a potion of might {unknown}
 i - a potion of brilliance {unknown}
 j - 2 potions of cancellation {unknown}


   Skills:
 - Level 2.4 Fighting
 - Level 2.4 Dodging
 - Level 1.0 Stealth
 + Level 6.7 Unarmed Combat


You had 4 spell levels left.
You didn't know any spells.
Your spell library contained the following spells:

 Spells                   Type           Power      Damage    Failure   Level
 Sting                    Tmut/Pois      0%         1d3       45%         1
 Poisonous Vapours        Pois/Air       0%         N/A       58%         2
 Slow                     Hex            0%         N/A       58%         2
 Sublimation of Blood     Necr           0%         N/A       58%         2
 Confusing Touch          Hex            0%         N/A       83%         3
 Gell's Gravitas          Tloc           0%         N/A       83%         3
 Teleport Other           Tloc           0%         N/A       83%         3
 Olgreb's Toxic Radiance  Pois           0%         N/A       99%         4
 Petrify                  Tmut/Erth      0%         N/A       99%         4
 Irradiate                Conj/Tmut      0%         3d13      100%        5
 Yara's Violent Unravell  Hex/Tmut       0%         3d3       100%        5
 Dispersal                Tloc           0%         N/A       100%        6


Dungeon Overview and Level Annotations

Branches:
Dungeon (4/15)
 Temple: D:4-7

Altars:
Nemelex Xobeh
Trog


Innate Abilities, Weirdness & Mutations

You are too large for most types of armour.
You have claws for hands.
Your natural rate of healing is unusually fast.
You are covered in fur. (AC +1)
You have tough skin. (AC +1)


Message History

You are too injured to fight recklessly!
You are too injured to fight recklessly!
You are too injured to fight recklessly!
You are too injured to fight recklessly!
You are too injured to fight recklessly!
You are too injured to fight recklessly!
You are too injured to fight recklessly!
You are too injured to fight recklessly!
You are too injured to fight recklessly!
You are too injured to fight recklessly!
You are too injured to fight recklessly!
You are too injured to fight recklessly!
You are too injured to fight recklessly!
You mangle the orc warrior!!
The orc warrior is severely wounded.
The orc wizard barely misses you.
The orc warrior hits you with a +0 halberd.
* * * LOW HITPOINT WARNING * * *
You closely miss the orc warrior. Your claw misses the orc warrior.
The orc warrior is severely wounded.
You scratch the orc warrior but do no damage.
The orc warrior is severely wounded.
The orc wizard hits you with a +0 dagger.
* * * LOW HITPOINT WARNING * * *
The orc warrior hits you with a +0 halberd!
* * * LOW HITPOINT WARNING * * *
You barely miss the orc warrior. Your claw misses the orc warrior.
The orc warrior is severely wounded.
The orc wizard hits you with a +0 dagger.
* * * LOW HITPOINT WARNING * * *
The orc warrior closely misses you.
You scratch the orc warrior but do no damage.
The orc warrior is severely wounded.
The orc wizard hits you but does no damage.
The orc warrior barely misses you.
You scratch the orc warrior but do no damage.
The orc warrior is severely wounded.
The orc wizard hits you but does no damage.
The orc warrior hits you with a +0 halberd!!
You die...

##..........###....##.
##.. ...
......###.....#
....###......#.
.#...<##.......
.........##.....
..........#.#.##
.........##.#..
.............
......@......
.....oo.##...
.............
......#...... ..#...
#..#.. ..##.# .## . #.
##


You could see an orc warrior and an orc wizard.

Vanquished Creatures
  A sky beast (D:3)
  A water moccasin skeleton (D:3)
  Robin (D:2)
  A howler monkey skeleton (D:4)
  2 adders (D:3)
  A worm (D:3)
  2 dart slugs
  2 orcs
  5 endoplasms
  6 giant cockroaches
  11 goblins
  9 hobgoblins
  4 jackals (D:1)
  A kobold (D:2)
  3 quokkas
  4 ball pythons
  2 bats (D:1)
  7 frilled lizards
  3 rats
66 creatures vanquished.

Notes
Turn   | Place    | Note
-------+----------+-------------------------------------------
     0 | D:1      | eskilway the Troll Monk began the quest for the Orb.
     0 | D:1      | Reached XP level 1. HP: 22/22 MP: 0/0
   129 | D:1      | Reached XP level 2. HP: 29/29 MP: 1/1
   318 | D:1      | Reached skill level 4 in Unarmed Combat
   509 | D:1      | Found a faded altar of an unknown god.
   738 | D:2      | Noticed Robin
   748 | D:2      | Reached XP level 3. HP: 29/36 MP: 2/2
   757 | D:2      | Killed Robin
  1704 | D:3      | Reached skill level 5 in Unarmed Combat
  1704 | D:3      | Reached XP level 4. HP: 43/44 MP: 3/3
  1824 | D:3      | Noticed a sky beast
  1837 | D:3      | Killed a sky beast
  1838 | D:3      | Reached skill level 6 in Unarmed Combat
  1838 | D:3      | Reached XP level 5. HP: 27/50 MP: 4/4
  2149 | D:3      | Found a sparkling altar of Nemelex Xobeh.
  2654 | D:4      | Found a bloodstained altar of Trog.
  2675 | D:4      | Noticed an orc warrior
  2687 | D:4      | Demolished by an orc warrior

Illustrated notes

Levels and vault maps discovered:
D:1:      wheals_arrival_linesprint, layout_rooms,
          shapermc_ecumenical_altar_petra
D:2:      layout_basic, uniq_robin
D:3:      minmay_spotlight, layout_basic, general_overflow_altar,
          minmay_box_of_dots
D:4:      layout_cave_pools, bloody_trog, minmay_circle_x

Skill      XL: |  1  2  3  4 |
---------------+-------------+-----
Unarmed Combat | 4 5 6 |  6.7
Fighting       | |  2.4
Dodging        | |  2.4
Stealth        | |  1.0

Action                   |  1- 3 |  4- 6 || total
-------------------------+-------+-------++-------
Melee: Unarmed           |   104 |    76 ||   180
       Punch             |     1 |     1 ||     2
 Stab: Sleeping          |     7 |     3 ||    10
Armor: Robe              |    36 |    17 ||    53
Dodge: Dodged            |    63 |    36 ||    99

Table legend: (Time is in decaauts)
 A = Elapsed time spent in this place.
 B = Non-inter-level travel time spent in this place.
 C = Inter-level travel time spent in this place.
 D = Time resting spent in this place.
 E = Time spent auto-exploring this place.
 F = Levels seen in this place.
 G = Mean time per level.
                   A        B        C        D        E       F      G
               +--------+--------+--------+--------+--------+-----+--------+
         Total |   2669 |   2504 |    165 |     17 |   2097 |   4 |  667.2 |
       Dungeon |   2669 |   2504 |    165 |     17 |   2097 |   4 |  667.2 |
               +--------+--------+--------+--------+--------+-----+--------+

Top non-repeatable levels by time:
     D:2: 968 daAuts
     D:3: 773 daAuts
     D:1: 685 daAuts
     D:4: 242 daAuts
